 Dungeon Crawl Stone Soup version 0.24.0-125-gc4c63601f3 (webtiles) character file.

Game seed: 10301986028810654981, levelgen mode: deterministic

3974 Peloso the Blocker (level 10, 0/84 HPs)
             Began as a Minotaur Fighter on Mar 21, 2020.
             Was a Believer of Okawaru.
             Slain by a wolf (5 damage)
             ... led by Grum
             ... on level 8 of the Dungeon.
             The game lasted 00:14:59 (7205 turns).

Peloso the Blocker (Minotaur Fighter)               Turns: 7205, Time: 00:15:00

Health: 0/84       AC:  8    Str: 23    XL:     10   Next: 2%
Magic:  9/9        EV: 11    Int: 12    God:    Okawaru [**....]
Gold:   443        SH: 12    Dex: 11    Spells: 9/9 levels left

rFire    . . .     SeeInvis .   a - +0 long sword
rCold    . . .     Gourm    .   c - +0 shield
rNeg     . . .     Faith    .   D - +2 ring mail of Eternal Vigilance {*Contam Int+7}
rPois    +         Spirit   .   (helmet restricted)
rElec    .         Reflect  .   (no cloak)
rCorr    .         Harm     .   (no gloves)
MR       .....                  (no boots)
Stlth    +.........             (no amulet)
HPRegen  0.24/turn              o - ring of poison resistance
MPRegen  0.11/turn              (no ring)

@: no status effects
A: retaliatory headbutt, horns 2
a: Heroism, Renounce Religion


You were on level 8 of the Dungeon.
You worshipped Okawaru.
Okawaru was pleased with you.
You were not hungry.

You visited 2 branches of the dungeon, and saw 9 of its levels.
You also visited: Sewer.

You collected 443 gold pieces.

Inventory:

Hand Weapons
 a - a +0 long sword (weapon)
Armour
 b - a +0 scale mail
 c - a +0 shield (worn)
 n - a +0 plate armour
 D - the +2 ring mail of Eternal Vigilance (worn) {*Contam Int+7}
   (You found it on level 7 of the Dungeon)

   It affects your intelligence (+7).
   It causes magical contamination when unequipped.
Jewellery
 h - an uncursed ring of ice
 k - an uncursed ring of fire
 o - a ring of poison resistance (left hand)
 x - an uncursed amulet of regeneration {unknown}
 E - a +4 ring of strength {unknown}
Wands
 e - a wand of random effects (16)
 F - a wand of acid (6)
Scrolls
 g - 2 scrolls of amnesia {unknown}
 i - 3 scrolls of enchant weapon {unknown}
 j - a scroll of remove curse
 m - a scroll of noise
 q - 4 scrolls of teleportation {unknown}
 u - 3 scrolls of magic mapping
 v - a scroll of random uselessness {unknown}
 w - a scroll of vulnerability {unknown}
 y - 2 scrolls of fear {unknown}
 z - a scroll of immolation {unknown}
 A - a scroll of blinking {unknown}
 B - a scroll of fog {unknown}
 C - a scroll of identify
Potions
 d - 2 potions of might
 l - 3 potions of brilliance
 p - 2 potions of curing
 r - 2 potions of magic
 s - 3 potions of heal wounds
 t - 3 potions of flight
 G - a potion of lignification {unknown}
Comestibles
 f - 13 rations


   Skills:
 + Level 6.9 Fighting
 + Level 10.1 Long Blades
 + Level 8.6 Armour
 + Level 2.5 Dodging
 + Level 0.2 Stealth
 + Level 10.4 Shields
 + Level 0.2 Invocations


You had 9 spell levels left.
You didn't know any spells.
Your spell library contained the following spells:

 Spells                   Type           Power        Failure   Level  Hunger
 Confusing Touch          Hex            #.....       65%         1    ##.....
 Magic Dart               Conj           #...         65%         1    ##.....
 Sting                    Conj/Pois      #...         65%         1    ##.....
 Searing Ray              Conj           #.....       78%         2    ###....
 Sticks to Snakes         Tmut           #.......     78%         2    ###....
 Confuse                  Hex            #.......     95%         3    ####...
 Dazzling Spray           Conj/Hex       #.....       95%         3    ####...
 Gell's Gravitas          Tloc           #.........   95%         3    ####...
 Force Lance              Conj/Tloc      #.......     100%        4    #####..
 Fulminant Prism          Conj/Hex       #.........   100%        4    #####..
 Iskenderun's Mystic Bla  Conj           #.......     100%        4    #####..
 Petrify                  Tmut/Erth      #.......     100%        4    #####..
 Metabolic Englaciation   Hex/Ice        #.........   100%        5    ######.
 Venom Bolt               Conj/Pois      #.........   100%        5    ######.
 Yara's Violent Unravell  Hex/Tmut       #.........   100%        5    ######.


Dungeon Overview and Level Annotations

Branches:
Dungeon (8/15)             Temple (1/1) D:6           Sewer (visited)
   Lair: D:8-11

Altars:
Ashenzari
Cheibriados
Dithmenos
Elyvilon
Fedhas
Gozag
Hepliaklqana
Kikubaaqudgha
Makhleb
Nemelex Xobeh
Okawaru
Qazlal
Ru
Sif Muna
Trog
Uskayaw
Vehumet
Wu Jian
Xom
Yredelemnul
Zin
The Shining One

Annotations:
D:8 Grum


Innate Abilities, Weirdness & Mutations

You reflexively headbutt those who attack you in melee.
You have a pair of horns on your head.


Message History

You block the wolf's attack. The wolf barely misses you. The wolf bites you.
* * * LOW HITPOINT WARNING * * *
The wolf closely misses you. You block the wolf's attack. x2
There is an open door here.
Grum snarls.
The wolf bites you!
* * * LOW HITPOINT WARNING * * *
You block the wolf's attack. The wolf bites you.
* * * LOW HITPOINT WARNING * * *
You block the wolf's attack. The wolf bites you.
* * * LOW HITPOINT WARNING * * *
Grum sniffs the air and quickly glances around.
There is an open door, spattered with blood here.
You block the wolf's attack. You block the wolf's attack. The wolf bites you.
You die...

#................
#+##+###................
........................
........#############...
........')..).......#...
.......h#...........#..)
........#g..........#...
###....h#...........#..)
+....@+...........#...
#.....###'##....###...
#..........#....#.....
#..........#....#.....
#..........#....#.....
#..........#....#.....
#..........+....#.....
#..<.......####+#.....
####....... ........


You could see 2 wolves.

Vanquished Creatures
  A two-headed ogre (D:8)
  A hippogriff (D:7)
  A water moccasin (D:6)
  3 orc warriors
  A black bear (D:6)
  A sky beast (D:7)
  6 ogres
  4 centaurs (D:7)
  A big kobold (D:7)
  3 bullfrogs
  3 scorpions
  2 vampire bats (D:7)
  3 howler monkeys
  2 bullfrog zombies
  3 crimson imps (D:6)
  2 jellies
  2 gnoll shamans
  2 orc priests
  A bullfrog skeleton (D:7)
  A hound (D:6)
  Jessica (D:2)
  2 centaur skeletons (D:6)
  3 iguanas
  7 orc wizards
  4 worker ants
  A hound skeleton (D:5)
  A worker ant zombie (D:7)
  11 gnolls
  7 adders
  A shadow imp (D:7)
  An ooze (D:5)
  An adder skeleton (D:4)
  4 worms
  8 leopard geckos
  27 orcs
  10 bats
  3 bat skeletons (D:7)
  4 bat zombies (D:7)
  10 giant cockroaches
  7 goblins
  6 hobgoblins
  12 jackals
  18 kobolds
  6 quokkas
  6 ball pythons (Sewer)
  14 frilled lizards
  A jackal skeleton (D:4)
  2 jackal zombies
  3 rats
  6 plants (Sewer)
230 creatures vanquished.

Notes
Turn   | Place    | Note
-------+----------+-------------------------------------------
     0 | D:1      | Peloso the Minotaur Fighter began the quest for the Orb.
     0 | D:1      | Reached XP level 1. HP: 19/19 MP: 0/0
   224 | D:1      | Reached XP level 2. HP: 27/27 MP: 1/1
   690 | D:2      | Reached XP level 3. HP: 33/33 MP: 2/2
   700 | D:2      | Noticed Jessica
   713 | D:2      | Killed Jessica
   979 | D:2      | Found a shimmering altar of Xom.
   979 | D:2      | Found a shimmering altar of Xom.
   979 | D:2      | Found a shimmering altar of Xom.
   980 | D:2      | Found a shimmering altar of Xom.
  1036 | D:2      | Found a shimmering altar of Xom.
  1105 | D:2      | Reached XP level 4. HP: 32/40 MP: 3/3
  1699 | D:3      | Found a blossoming altar of Fedhas.
  1966 | D:3      | Reached XP level 5. HP: 23/46 MP: 4/4
  2435 | D:4      | Noticed an ogre
  2440 | D:4      | Noticed an ogre
  2453 | D:3      | Killed an ogre
  2453 | D:3      | Reached skill level 5 in Shields
  2537 | D:4      | Killed an ogre
  2537 | D:4      | Reached skill level 5 in Long Blades
  2537 | D:4      | Reached skill level 5 in Armour
  2537 | D:4      | Reached XP level 6. HP: 24/53 MP: 5/5
  2577 | D:4      | Found a glowing drain.
  2601 | Sewer    | Entered a sewer
  4014 | D:5      | Entered Level 5 of the Dungeon
  4031 | D:5      | Reached XP level 7. HP: 55/60 MP: 6/6
  4383 | D:5      | Reached skill level 5 in Fighting
  4383 | D:5      | Reached skill level 1 in Dodging
  4952 | D:5      | Reached XP level 8. HP: 61/68 MP: 7/7
  5460 | D:6      | Found a staircase to the Ecumenical Temple.
  5467 | Temple   | Entered the Ecumenical Temple
  5694 | Temple   | Became a worshipper of Warmaster Okawaru
  5858 | D:6      | Identified Sif Muna's Collected Works on Vitriolic
                  | Transmigration
  5871 | D:6      | Found an ornate altar of the Wu Jian Council.
  5945 | D:6      | Found a shattered altar of Ashenzari.
  6135 | D:7      | Reached XP level 9. HP: 70/75 MP: 8/8
  6468 | D:7      | Found a glowing golden altar of the Shining One.
  6490 | D:7      | Found an ancient bone altar of Kikubaaqudgha.
  6494 | D:7      | Reached * piety under Okawaru
  6555 | D:7      | Found a snail-covered altar of Cheibriados.
  6718 | D:7      | Reached ** piety under Okawaru
  6736 | D:7      | Got a jewelled ring mail
  6747 | D:7      | Identified the +2 ring mail of Eternal Vigilance {*Contam
                  | Int+7} (You found it on level 7 of the Dungeon)
  7043 | D:8      | Reached skill level 10 in Shields
  7051 | D:8      | Found an opulent altar of Gozag.
  7161 | D:8      | Noticed a two-headed ogre
  7169 | D:8      | Killed a two-headed ogre
  7169 | D:8      | Reached skill level 10 in Long Blades
  7169 | D:8      | Reached XP level 10. HP: 37/84 MP: 6/9
  7184 | D:8      | Noticed Grum
  7201 | D:8      | HP: 4/84 [wolf[Grum] (3)]
  7205 | D:8      | Slain by a wolf

Levels and vault maps discovered:
D:1:      nicolae_arrival_memento_mori, layout_rooms, minmay_misc_feat_rows,
          minmay_quantized
D:2:      minmay_diamond_boxcup, layout_basic, xom_redecorated, first_ration,
          uniq_jessica
D:3:      layout_loops_ring, lemuel_crystal_altar
D:4:      layout_cave_pools, portal_sewer_entry_f
D:5:      layout_loops_ring
D:6:      black_bear_nest_2, layout_cave_pools, nicolae_overflow_hidden_temple,
          kennysheep_mini_moat, minmay_temple_entry_ruins
D:7:      nicolae_whirlpool, layout_basic, kennysheep_vampire_church,
          grunt_temple_overflow_open
D:8:      layout_gridville, old_standard_altar, uniq_grum, uniq_pikel
Temple:   minmay_temple_curvy_branch

Skill      XL: |  1  2  3  4  5  6  7  8  9 |
---------------+----------------------------+-----
Long Blades    | 3 4 5 6 8 10 | 10.1
Shields        | 4 5 6 8 10 | 10.4
Fighting       | 4 5 6 |  6.9
Armour         | 4 5 6 7 8 |  8.6
Dodging        | 1 2 |  2.5
Stealth        | |  0.2
Invocations    | |  0.2

Action                   |  1- 3 |  4- 6 |  7- 9 | 10-12 || total
-------------------------+-------+-------+-------+-------++-------
Melee: Long sword        |    89 |   406 |   424 |     4 ||   923
       Headbutt          |     8 |    94 |    87 |       ||   189
Invok: Heroism           |       |       |     2 |       ||     2
  Use: Potion            |     5 |       |       |       ||     5
       Scroll            |       |     5 |       |       ||     5
  Eat: Chunk             |       |     8 |     7 |     1 ||    16
       Ration            |       |     1 |     1 |       ||     2
Armor: Scale mail        |    42 |    27 |       |       ||    69
       Plate armour      |       |   152 |   225 |       ||   377
       Ring mail         |       |       |    13 |     3 ||    16
Dodge: Dodged            |    32 |    62 |    97 |     5 ||   196
Block: Shield            |    42 |   166 |   294 |    12 ||   514
       Rpst.: Long sword |     7 |    14 |    25 |       ||    46
